 Dungeon Crawl Stone Soup version 0.20.0 (webtiles) character file.

35 Danakh the Slasher (level 3, 0/22 HPs)
             Began as a Tengu Warper on May 31, 2017.
             Slain by a hobgoblin
             ... wielding a +0 club
              (2 damage)
             ... on level 2 of the Dungeon.
             The game lasted 00:02:32 (1201 turns).

Danakh the Slasher (Tengu Warper)                   Turns: 1201, Time: 00:02:33

Health: 0/22       AC:  3    Str: 11    XL:     3   Next: 33%
Magic:  7/7        EV: 12    Int: 13    God:
Gold:   38         SH:  0    Dex: 14    Spells: 2/6 levels left

rFire    . . .     SeeInvis .   a - +0 falchion
rCold    . . .     Gourm    .   (no shield)
rNeg     . . .     Faith    .   b - +0 leather armour
rPois    .         Spirit   .   (helmet restricted)
rElec    .         Reflect  .   (no cloak)
rCorr    .         Harm     .   (no gloves)
MR       .....     Rnd*Tele +   (boots unavailable)
Stlth    +.........             (no amulet)
Regen    0.1/turn               g - ring of teleportation (curse)
MPRegen  0.1/turn               (no ring)

@: no status effects
A: beak, talons 3
a: no special abilities


You were on level 2 of the Dungeon.
You were not hungry.

You visited 1 branch of the dungeon, and saw 2 of its levels.

You collected 38 gold pieces.

Inventory:

Hand Weapons
 a - a +0 falchion (weapon)
Missiles
 e - 5 tomahawks of dispersal (quivered)
 l - 2 tomahawks
Armour
 b - a +0 leather armour (worn)
Jewellery
 g - a cursed ring of teleportation (left hand)
Scrolls
 d - a scroll of blinking
 k - a scroll of enchant weapon
Books
 c - a book of Spatial Translocations

   Spells                             Type                      Level
   a - Blink                          Translocation                2
   b - Shroud of Golubria             Charms/Translocation         2
   c - Lesser Beckoning               Translocation                3
   d - Gell's Gravitas                Translocation                3
   e - Teleport Other                 Translocation                3
   f - Passage of Golubria            Translocation                4
Comestibles
 f - a bread ration
 i - a royal jelly
 m - a chunk of flesh


   Skills:
 + Level 2.5 Fighting
 * Level 2.9 Long Blades
 - Level 1.0 Throwing
 + Level 1.7 Armour
 + Level 2.6 Dodging
 - Level 2.0 Spellcasting
 - Level 2.4 Translocations


You had 2 spell levels left.
You knew the following spells:

 Your Spells              Type           Power        Failure   Level  Hunger
b - Blink                 Tloc           N/A          19%         2    ###....
e - Shroud of Golubria    Chrm/Tloc      #.........   30%         2    ###....


Dungeon Overview and Level Annotations

Branches:
Dungeon (2/15)

Altars:


Innate Abilities, Weirdness & Mutations

You have a beak for a mouth.
You have claws for feet.


Message History

Ouch! That really hurt!
* * * LOW HITPOINT WARNING * * *
You are too injured to fight recklessly!
You are too injured to fight recklessly!
You are too injured to fight recklessly!
You are too injured to fight recklessly!
You completely miss the worm. You peck the worm.
The worm is lightly wounded.
Your surroundings suddenly seem different.
The bat hits you but does no damage.
A bat, a rat and a hobgoblin come into view.
The bat hits you but does no damage. The hobgoblin hits you with a club.
* * * LOW HITPOINT WARNING * * *
A frilled lizard comes into view.
The bat misses you.
You closely miss the rat. Your kick misses the rat. The bat barely misses you.
The rat closely misses you. The bat barely misses you.
You riposte.
You barely miss the bat. Your peck misses the bat.
The hobgoblin hits you with a club.
You die...

#.# . ##.##
....# #.#.#
## #.#.# #
.#...##.#.#.#
......r@g...#
.#...#.b#####
l.. #... .
#.##. .. .#
#.# # #. #.


You could see a hobgoblin, a bat, a frilled lizard (sleeping) and a rat.

Vanquished Creatures
  A dart slug (D:1)
  2 leopard geckos (D:1)
  A ball python (D:1)
  4 bats (D:1)
  4 giant cockroaches (D:1)
  3 hobgoblins (D:1)
  3 jackals (D:2)
  A kobold (D:1)
  2 frilled lizards
  2 goblins (D:1)
  A quokka skeleton (D:1)
  4 rats
28 creatures vanquished.

Notes
Turn   | Place    | Note
-------+----------+-------------------------------------------
     0 | D:1      | Danakh the Tengu Warper began the quest for the Orb.
     0 | D:1      | Reached XP level 1. HP: 12/12 MP: 4/4
   286 | D:1      | Reached XP level 2. HP: 17/17 MP: 6/6
   790 | D:1      | Reached XP level 3. HP: 13/22 MP: 7/7
   794 | D:1      | Learned a level 2 spell: Blink
   797 | D:1      | Learned a level 2 spell: Shroud of Golubria
  1201 | D:2      | Slain by a hobgoblin

Action                   || total
-------------------------++-------
Melee: Falchion          ||    74
       Peck              ||    15
       Kick              ||    22
  Use: Scroll            ||     2
  Eat: Chunk             ||     1
Armor: Leather armour    ||    26
Dodge: Dodged            ||    43
       Rpst.: Falchion   ||    16
